cohdb
Replays
Latest Replays
All Replays
Popular Replays
Top Player Replays
Match Explorer
How It Works
Community
CoH3 Stats
Reddit
Sign in to upload your games and track your stats! →
Sign in with Steam
Match 37123065
Unlisted
Match 37123065
Overview
Messages
Build Orders
End
Construct Section Command Post
Vickers Machine Gun Team
Infantry Section
ML 3-inch Mortar Team
Infantry Section
Construct Platoon Command Post
Selects Heavy Armor Battlegroup
Selects Rigorous Vehicle Training
Humber Armored Car
Royal Engineer Section
Infantry Section
Construct Company Command Post
CMP 15cwt Truck
Selects Crusader AA Medium Tank
Selects UNKNOWN (2162094)
Crusader AA Medium Tank
6-pounder Anti-tank Gun Team
DadForce4
KorleeS
matrix4x4
SimiBest
rommellafrika
Boatshoe
Jarques
OMYGOD!
0
0
Comments
sign in to comment!
No comments posted yet!